TOP OF THE 1ST |
South Florida Bulls batting - Pitching for Villanova Wildcats : LHP Ed Men
|
Pitching: LHP Ed Men
|
|
Batting: RHB Brian Jones
|
0-0: Swinging Strike 0-1: Ball 1-1: SOLO HOME RUN (Flyball, 89XD), Distance : 389 ft
|
Batting: RHB Keith Olson
|
0-0: Called Strike 0-1: Ball 1-1: Foul Ball, location: 2F 1-2: Foul Ball, location: 2F 1-2: Foul Ball, location: 2F 1-2: Strikes out swinging
|
Batting: RHB Brian Lovell
|
0-0: Called Strike 0-1: Foul Ball, location: 2F 0-2: Hit by Pitch
|
Batting: RHB Javier Gómez
|
0-0: Called Strike 0-1: Swinging Strike 0-2: Strikes out swinging
|
Batting: RHB Mike McGee
|
0-0: Ball 1-0: Called Strike 1-1: Ball 2-1: Foul Ball, location: 2F 2-2: Ball 3-2: Base on Balls Brian Lovell to second
|
Batting: RHB Jon Hinton
|
0-0: Called Strike 0-1: Foul Ball, location: 2F 0-2: Ball 1-2: Ball 2-2: Ground out 4-3 (Groundball, 34D)
|
Top of the 1st over - 1 run, 1 hit, 0 errors, 2 left on base; South Florida 1 - Villanova 0 |
BOTTOM OF THE 1ST |
Villanova Wildcats batting - Pitching for South Florida Bulls : RHP Manuel Escamilla
|
Pitching: RHP Manuel Escamilla
|
|
Batting: SHB Jimmy Bullock
|
0-0: Called Strike 0-1: Swinging Strike 0-2: Ball 1-2: Foul Ball, location: 2F 1-2: Foul Ball, location: 2F 1-2: Ball 2-2: SINGLE (Groundball, 4MS) (infield hit)
|
Batting: RHB Michael Boulanger
|
0-0: Foul Ball, location: 2F 0-1: 2-RUN HOME RUN (Flyball, 8RXD), Distance : 406 ft
|
Batting: LHB Anthony Samples
|
0-0: Called Strike 0-1: Reached on error, E4 (Groundball, 4)
|
Batting: RHB Bud López
|
0-0: Foul Ball, location: 2F 0-1: Ball 1-1: Ball 2-1: Ball 3-1: Base on Balls Anthony Samples to second
|
Batting: SHB Vincent McComisky
|
0-0: Foul Ball, location: 2F 0-1: Fly out, F5 (Popup, 25F)
|
Batting: RHB Clay Cowden
|
0-0: Swinging Strike 0-1: Ball 1-1: Swinging Strike 1-2: Foul Ball, location: 2F 1-2: Foul Ball, location: 2F 1-2: Ball 2-2: Ball 3-2: Strikes out swinging
|
Batting: SHB John Gonzáles
|
0-0: Ball 1-0: SINGLE (Groundball, 34D) Anthony Samples to third Bud López to second Runner from 3rd tries for Home, SAFE, no throw
|
Batting: SHB Neil Floyd
|
0-0: Ball 1-0: Reached on error, E8 (Flyball, 8RD) Bud López scores John Gonzáles to third
|
Batting: LHB Steve Jones
|
0-0: Called Strike 0-1: Fly out, F8 (Line Drive, 89D)
|
Bottom of the 1st over - 4 runs, 3 hits, 2 errors, 2 left on base; South Florida 1 - Villanova 4 |
TOP OF THE 2ND |
South Florida Bulls batting - Pitching for Villanova Wildcats : LHP Ed Men
|
Batting: RHB Coy Walsh
|
0-0: SINGLE (Groundball, 3D)
|
Batting: SHB Kelly Swanson
|
0-0: Called Strike 0-1: Foul Ball, location: 2F 0-2: Fly out, F8 (Flyball, 8RS)
|
Batting: LHB Ramiro Valdés
|
0-0: Called Strike 0-1: Ball 1-1: Ball 2-1: DOUBLE (Line Drive, 7D) Coy Walsh to third Runner from 3rd tries for Home, SAFE, no throw
|
Batting: RHB Brian Jones
|
0-0: Fly out, F7 (Flyball, 7LSF)
|
Batting: RHB Keith Olson
|
0-0: Ball 1-0: Called Strike 1-1: Foul Ball, location: 2F 1-2: Foul Ball, location: 2F 1-2: Ball Wild Pitch! Ramiro Valdés to third 2-2: Strikes out swinging
|
Top of the 2nd over - 1 run, 2 hits, 0 errors, 1 left on base; South Florida 2 - Villanova 4 |
BOTTOM OF THE 2ND |
Villanova Wildcats batting - Pitching for South Florida Bulls : RHP Manuel Escamilla
|
Batting: SHB Jimmy Bullock
|
0-0: Swinging Strike 0-1: Ground out 1-3 (Groundball, 13S)
|
Batting: RHB Michael Boulanger
|
0-0: Called Strike 0-1: Ball 1-1: SINGLE (Flyball, 9S)
|
Batting: LHB Anthony Samples
|
0-0: Ball 1-0: Ball 2-0: Called Strike 2-1: Foul Ball, location: 2F 2-2: Fly out, F8 (Flyball, 8RD)
|
Batting: RHB Bud López
|
0-0: Ball 1-0: Ball 2-0: Foul Ball, location: 2F 2-1: Ball 3-1: Base on Balls Michael Boulanger to second
|
Batting: SHB Vincent McComisky
|
0-0: Ball 1-0: Swinging Strike 1-1: Called Strike 1-2: Strikes out swinging
|
Bottom of the 2nd over - 0 runs, 1 hit, 0 errors, 2 left on base; South Florida 2 - Villanova 4 |
TOP OF THE 3RD |
South Florida Bulls batting - Pitching for Villanova Wildcats : LHP Ed Men
|
Batting: RHB Brian Lovell
|
0-0: Called Strike 0-1: Foul Ball, location: 2F 0-2: SINGLE (Groundball, 34D)
|
Batting: RHB Javier Gómez
|
0-0: DOUBLE (Groundball, 3L) Brian Lovell to third
|
Batting: RHB Mike McGee
|
0-0: Hit by Pitch
|
Batting: RHB Jon Hinton
|
0-0: Called Strike 0-1: Ball 1-1: Foul Ball, location: 2F 1-2: Foul Ball, location: 2F 1-2: Strikes out swinging
|
Batting: RHB Coy Walsh
|
0-0: Foul Ball, location: 2F 0-1: Ball 1-1: Grounds into double play, 4-6-3 (Groundball, 4M)
|
Top of the 3rd over - 0 runs, 2 hits, 0 errors, 2 left on base; South Florida 2 - Villanova 4 |
BOTTOM OF THE 3RD |
Villanova Wildcats batting - Pitching for South Florida Bulls : RHP Manuel Escamilla
|
Batting: RHB Clay Cowden
|
0-0: Ball 1-0: Foul Ball, location: 2F 1-1: Ball 2-1: Foul Ball, location: 2F 2-2: Foul Ball, location: 2F 2-2: Ball 3-2: Foul Ball, location: 2F 3-2: Base on Balls
|
Batting: SHB John Gonzáles
|
0-0: Ball 1-0: Ball 2-0: Foul Ball, location: 2F 2-1: Swinging Strike 2-2: Ball 3-2: Strikes out swinging
|
Pitching: RHP Dave Cox
|
|
Batting: SHB Neil Floyd
|
0-0: Ball 1-0: Ball 2-0: SINGLE (Groundball, 34S) (infield hit) Clay Cowden to second
|
Batting: LHB Steve Jones
|
0-0: Ball 1-0: Called Strike 1-1: Ball 2-1: Swinging Strike 2-2: Ball 3-2: Strikes out swinging
|
Batting: SHB Jimmy Bullock
|
0-0: Called Strike 0-1: Hit by Pitch Clay Cowden to third Neil Floyd to second
|
Pinch Runner at 1st Bob Green:
|
|
Batting: RHB Michael Boulanger
|
0-0: Called Strike 0-1: Swinging Strike 0-2: Foul Ball, location: 2F 0-2: Ball 1-2: Ball 2-2: Ball 3-2: Foul Ball, location: 2F 3-2: Foul Ball, location: 2F 3-2: Foul Ball, location: 2F 3-2: Fly out, F8 (Flyball, 78S)
|
Bottom of the 3rd over - 0 runs, 1 hit, 0 errors, 3 left on base; South Florida 2 - Villanova 4 |
TOP OF THE 4TH |
South Florida Bulls batting - Pitching for Villanova Wildcats : LHP Ed Men
|
Now at SS: Bob Green
|
|
Batting: SHB Kelly Swanson
|
0-0: Ball 1-0: Ball 2-0: Ground out 5-3 (Groundball, 56)
|
Batting: LHB Ramiro Valdés
|
0-0: Swinging Strike 0-1: Ball 1-1: Ball 2-1: Called Strike 2-2: Strikes out swinging
|
Batting: RHB Brian Jones
|
0-0: Ball 1-0: Called Strike 1-1: Called Strike 1-2: Foul Ball, location: 2F 1-2: Ball 2-2: Foul Ball, location: 2F 2-2: Fly out, F4 (Line Drive, 4)
|
Top of the 4th over - 0 runs, 0 hits, 0 errors, 0 left on base; South Florida 2 - Villanova 4 |
BOTTOM OF THE 4TH |
Villanova Wildcats batting - Pitching for South Florida Bulls : RHP Dave Cox
|
Batting: LHB Anthony Samples
|
0-0: Swinging Strike 0-1: Ground out 6-3 (Groundball, 6MD)
|
Batting: RHB Bud López
|
0-0: Called Strike 0-1: Foul Ball, location: 2F 0-2: Fly out, F9 (Flyball, 89M)
|
Batting: SHB Vincent McComisky
|
0-0: Ground out 6-3 (Groundball, 6)
|
Bottom of the 4th over - 0 runs, 0 hits, 0 errors, 0 left on base; South Florida 2 - Villanova 4 |
TOP OF THE 5TH |
South Florida Bulls batting - Pitching for Villanova Wildcats : LHP Ed Men
|
Batting: RHB Keith Olson
|
0-0: Called Strike 0-1: Called Strike 0-2: Ball 1-2: Foul Ball, location: 2F 1-2: Fly out, F8 (Flyball, 89M)
|
Batting: RHB Brian Lovell
|
0-0: Called Strike 0-1: Swinging Strike 0-2: Foul Ball, location: 2F 0-2: Ball 1-2: Strikes out swinging
|
Batting: RHB Javier Gómez
|
0-0: Swinging Strike 0-1: Ball 1-1: Foul Ball, location: 2F 1-2: Ball 2-2: Foul Ball, location: 2F 2-2: Foul Ball, location: 2F 2-2: Ball 3-2: Strikes out swinging
|
Top of the 5th over - 0 runs, 0 hits, 0 errors, 0 left on base; South Florida 2 - Villanova 4 |
BOTTOM OF THE 5TH |
Villanova Wildcats batting - Pitching for South Florida Bulls : RHP Dave Cox
|
Batting: RHB Clay Cowden
|
0-0: Ball 1-0: Foul Ball, location: 2F 1-1: Ball 2-1: Ball 3-1: Ground out 6-3 (Groundball, 6)
|
Batting: SHB John Gonzáles
|
0-0: Foul Ball, location: 2F 0-1: Swinging Strike 0-2: Ball 1-2: Ball 2-2: Ball 3-2: Base on Balls
|
Batting: SHB Neil Floyd
|
0-0: Called Strike 0-1: Called Strike 0-2: Ball 1-2: Ball 2-2: Ball 3-2: Strikes out swinging
|
Batting: LHB Steve Jones
|
0-0: Swinging Strike 0-1: Ball 1-1: Ball 2-1: Ball 3-1: Foul Ball, location: 2F 3-2: Strikes out swinging
|
Bottom of the 5th over - 0 runs, 0 hits, 0 errors, 1 left on base; South Florida 2 - Villanova 4 |
TOP OF THE 6TH |
South Florida Bulls batting - Pitching for Villanova Wildcats : LHP Ed Men
|
Pitching: LHP Anthony Lewis
|
|
Batting: RHB Mike McGee
|
0-0: Ball 1-0: Ball 2-0: Ball 3-0: Base on Balls
|
Batting: RHB Jon Hinton
|
0-0: Fly out, F8 (Flyball, 8RM)
|
Batting: RHB Coy Walsh
|
0-0: Ball 1-0: Grounds into double play, 4-6-3 (Groundball, 4M)
|
Top of the 6th over - 0 runs, 0 hits, 0 errors, 0 left on base; South Florida 2 - Villanova 4 |
BOTTOM OF THE 6TH |
Villanova Wildcats batting - Pitching for South Florida Bulls : RHP Dave Cox
|
Batting: RHB Bob Green
|
0-0: Called Strike 0-1: Called Strike 0-2: Foul Ball, location: 2F 0-2: Ball 1-2: Ball 2-2: Ball 3-2: Strikes out looking
|
Batting: RHB Michael Boulanger
|
0-0: Ball 1-0: Ground out 5-3 (Groundball, 5)
|
Batting: LHB Anthony Samples
|
0-0: Fly out, F3 (Popup, 3)
|
Bottom of the 6th over - 0 runs, 0 hits, 0 errors, 0 left on base; South Florida 2 - Villanova 4 |
TOP OF THE 7TH |
South Florida Bulls batting - Pitching for Villanova Wildcats : LHP Anthony Lewis
|
Batting: SHB Kelly Swanson
|
0-0: Ball 1-0: Foul Ball, location: 2F 1-1: Swinging Strike 1-2: Ball 2-2: Foul Ball, location: 2F 2-2: Strikes out swinging
|
Batting: LHB Ramiro Valdés
|
0-0: Called Strike 0-1: Called Strike 0-2: Ball 1-2: Ball 2-2: Ball 3-2: Strikes out swinging
|
Batting: RHB Brian Jones
|
0-0: DOUBLE (Line Drive, 7LD)
|
Batting: RHB Keith Olson
|
0-0: Ball 1-0: Swinging Strike 1-1: Ball 2-1: Foul Ball, location: 2F 2-2: Foul Ball, location: 2F 2-2: Foul Ball, location: 2F 2-2: Foul Ball, location: 2F 2-2: Ball 3-2: Base on Balls
|
Batting: RHB Brian Lovell
|
0-0: Called Strike 0-1: Called Strike 0-2: Strikes out swinging
|
Top of the 7th over - 0 runs, 1 hit, 0 errors, 2 left on base; South Florida 2 - Villanova 4 |
BOTTOM OF THE 7TH |
Villanova Wildcats batting - Pitching for South Florida Bulls : RHP Dave Cox
|
Batting: RHB Bud López
|
0-0: Ball 1-0: Ball 2-0: Ball 3-0: Called Strike 3-1: Base on Balls
|
Batting: SHB Vincent McComisky
|
0-0: Ball 1-0: Called Strike 1-1: Called Strike 1-2: Ball 2-2: Ball 3-2: Foul Ball, location: 2F 3-2: Base on Balls Bud López to second
|
Batting: RHB Clay Cowden
|
0-0: Called Strike 0-1: Ball 1-1: Ball 2-1: Swinging Strike 2-2: Strikes out swinging
|
Batting: SHB John Gonzáles
|
0-0: Fielders Choice at 2nd, 1-6 (Groundball, 13) Bud López to third
|
Batting: SHB Neil Floyd
|
0-0: Foul Ball, location: 2F 0-1: Ball 1-1: Ball 2-1: Foul Ball, location: 2F 2-2: Foul Ball, location: 2F 2-2: Foul Ball, location: 2F 2-2: Foul Ball, location: 2F 2-2: Hit by Pitch John Gonzáles to second
|
Pitching: LHP Sam MacKey
|
|
Pinch Hitting: LHB Keith Haynes
|
0-0: Called Strike 0-1: Ball 1-1: Fly out, F7 (Flyball, 78D)
|
Bottom of the 7th over - 0 runs, 0 hits, 0 errors, 3 left on base; South Florida 2 - Villanova 4 |
TOP OF THE 8TH |
South Florida Bulls batting - Pitching for Villanova Wildcats : LHP Anthony Lewis
|
Pitching: RHP Nick Carroll
|
|
Now in LF: Keith Haynes
|
|
Batting: RHB Javier Gómez
|
0-0: Swinging Strike 0-1: Swinging Strike 0-2: Strikes out swinging
|
Batting: RHB Mike McGee
|
0-0: SINGLE (Flyball, 8LS)
|
Batting: RHB Jon Hinton
|
0-0: Grounds into double play, 6-4-3 (Groundball, 6)
|
Top of the 8th over - 0 runs, 1 hit, 0 errors, 0 left on base; South Florida 2 - Villanova 4 |
BOTTOM OF THE 8TH |
Villanova Wildcats batting - Pitching for South Florida Bulls : LHP Sam MacKey
|
Pitching: RHP José Ramírez
|
|
Batting: RHB Bob Green
|
0-0: Ball 1-0: Swinging Strike 1-1: SINGLE (Line Drive, 9S)
|
Batting: RHB Michael Boulanger
|
0-0: Bunt missed! 0-1: Sac Bunt - play at first, batter OUT! 1-4 Bob Green to second
|
Batting: LHB Anthony Samples
|
0-0: Intentional Walk
|
Batting: RHB Bud López
|
0-0: Called Strike Bob Green steals 3rd base 0-1: Ball 1-1: Called Strike 1-2: Ball 2-2: SINGLE (Line Drive, 34) Bob Green scores Anthony Samples to second
|
Batting: SHB Vincent McComisky
|
0-0: Ball 1-0: Grounds into double play, 6-4-3 (Groundball, 6M)
|
Bottom of the 8th over - 1 run, 2 hits, 0 errors, 1 left on base; South Florida 2 - Villanova 5 |
TOP OF THE 9TH |
South Florida Bulls batting - Pitching for Villanova Wildcats : RHP Nick Carroll
|
Batting: RHB Coy Walsh
|
0-0: Ball 1-0: Swinging Strike 1-1: Ball 2-1: Ball 3-1: Called Strike 3-2: Strikes out swinging
|
Batting: SHB Kelly Swanson
|
0-0: Ball 1-0: Ball 2-0: Foul Ball, location: 2F 2-1: Ball 3-1: Base on Balls
|
Batting: LHB Ramiro Valdés
|
0-0: Ball Wild Pitch! Kelly Swanson to second 1-0: Ball 2-0: Ball 3-0: Called Strike 3-1: Base on Balls
|
Batting: RHB Brian Jones
|
0-0: Reached via error on a dropped throw, E4 Kelly Swanson to third Ramiro Valdés to second
|
Batting: RHB Keith Olson
|
0-0: Ball 1-0: Called Strike 1-1: Ball 2-1: Called Strike 2-2: Ball 3-2: SINGLE (Groundball, 6D) Kelly Swanson scores Ramiro Valdés to third Brian Jones to second
|
Batting: RHB Brian Lovell
|
0-0: Foul Ball, location: 2F 0-1: Foul Ball, location: 2F 0-2: Strikes out looking
|
Batting: RHB Javier Gómez
|
0-0: Called Strike 0-1: Ball Wild Pitch! Ramiro Valdés scores Brian Jones to third Keith Olson to second 1-1: TRIPLE (Line Drive, 8LXD) Brian Jones scores Keith Olson scores
|
Batting: RHB Mike McGee
|
0-0: Called Strike 0-1: Ball 1-1: Foul Ball, location: 2F 1-2: Ball 2-2: Ball 3-2: Foul Ball, location: 2F 3-2: Foul Ball, location: 2F 3-2: Strikes out swinging
|
Top of the 9th over - 4 runs, 2 hits, 1 error, 1 left on base; South Florida 6 - Villanova 5 |
BOTTOM OF THE 9TH |
Villanova Wildcats batting - Pitching for South Florida Bulls : RHP José Ramírez
|
Now at C: José Ramírez
|
|
Batting: RHB Clay Cowden
|
0-0: SOLO HOME RUN (Flyball, 7D), Distance : 360 ft
|
Batting: SHB John Gonzáles
|
0-0: Ball 1-0: Called Strike 1-1: Ball 2-1: Ball 3-1: Ground out 6-3 (Groundball, 6)
|
Batting: SHB Neil Floyd
|
0-0: Foul Ball, location: 2F 0-1: Called Strike 0-2: Ball 1-2: Ball 2-2: Ball 3-2: Ground out 4-3 (Groundball, 4M)
|
Batting: LHB Keith Haynes
|
0-0: Fly out, F4 (Line Drive, 4)
|
Bottom of the 9th over - 1 run, 1 hit, 0 errors, 0 left on base; South Florida 6 - Villanova 6 |
TOP OF THE 10TH |
South Florida Bulls batting - Pitching for Villanova Wildcats : RHP Nick Carroll
|
Pitching: RHP Bill Pearson
|
|
Batting: RHB Jon Hinton
|
0-0: Called Strike 0-1: Ball 1-1: Ball 2-1: Foul Ball, location: 2F 2-2: Ball 3-2: Foul Ball, location: 2F 3-2: Strikes out looking
|
Pinch Hitting: SHB Dave Wilson
|
0-0: Ball 1-0: Ball 2-0: Called Strike 2-1: Called Strike 2-2: Ball 3-2: Strikes out swinging
|
Batting: RHB José Ramírez
|
0-0: Called Strike 0-1: Ball 1-1: SINGLE (Groundball, 56D)
|
Pinch Hitting: RHB Ken Williams
|
0-0: Swinging Strike 0-1: Swinging Strike 0-2: Foul Ball, location: 2F 0-2: Ball 1-2: Foul Ball, location: 2F 1-2: Ball 2-2: Strikes out swinging
|
Top of the 10th over - 0 runs, 1 hit, 0 errors, 1 left on base; South Florida 6 - Villanova 6 |
BOTTOM OF THE 10TH |
Villanova Wildcats batting - Pitching for South Florida Bulls : RHP José Ramírez
|
Now at 3B: Dave Wilson
|
|
Now in LF: Walt Miller
|
|
Batting: RHB Bob Green
|
0-0: Ball 1-0: Called Strike 1-1: Fly out, F8 (Flyball, 8RS)
|
Batting: RHB Michael Boulanger
|
0-0: Called Strike 0-1: Ball 1-1: Called Strike 1-2: Ball 2-2: Ball 3-2: SOLO HOME RUN (Line Drive, 7D), Distance : 345 ft
|
Saturday, April 7th, 2018 - OOTP Baseball 18.8 Build 76
|
|